Construct Light Support Kompanie
Construct Mechanized Kompanie
Panzerjäger Mechanized Group
Selects Battlefield Espionage Battlegroup
Selects Sector Subterfuge Beacon
Selects Disruption Operation
Marder III Tank Destroyer
Selects 250/3 Funkpanzerwagen
Construct Panzerarmee Kommand
Selects Advanced Ambush Training
Marder III Tank Destroyer
Walking Stuka Rocket Launcher
Flak 36 Anti-tank Gun Team
18-tonne Recovery Half-track
Selects Operation Skorpion
Walking Stuka Rocket Launcher
18-tonne Recovery Half-track